 Dungeon Sprint DCSS version 0.21-a0-39-g28ea6b7 (webtiles) character file.

261 Kidiri the Thaumaturge (level 5, -4/32 HPs)
             Began as a Deep Elf Fire Elementalist on May 31, 2017.
             Slain by a hell rat (7 damage)
             ... in the Dungeon (Sprint II: "The Violet Keep of Menkaure").
             The game lasted 00:02:18 (609 turns).

Kidiri the Thaumaturge (Deep Elf Fire Elementalist)  Turns: 609, Time: 00:02:18

Health: -4/32      AC:  2    Str:  5      XL:     5   Next: 96%
Magic:  18/18      EV: 15    Int: 19      God:
Gold:   486        SH:  0    Dex: 14 (15) Spells: 4/22 levels left

rFire    . . .     SeeInvis .   (no weapon)
rCold    . . .     Gourm    .   (no shield)
rNeg     . . .     Faith    .   a - +0 robe
rPois    .         Spirit   .   (no helmet)
rElec    .         Reflect  .   (no cloak)
rCorr    .         Harm     .   (no gloves)
MR       .....     NoTele   +   (no boots)
Stlth    ++........             (no amulet)
Regen    0.1/turn               (no ring)
MPRegen  0.2/turn               (no ring)

@: drained
A: dopey 1
a: no special abilities


You were in the Dungeon.
You were not hungry.

You visited 1 branch You collected 486 gold pieces.

Inventory:

Armour
 a - a +0 robe (worn)
Scrolls
 i - a scroll of blinking
Potions
 e - a potion of heal wounds
 f - a potion of haste
 h - a potion of berserk rage
Books
 b - a book of Flames

   Spells                             Type                      Level
   a - Flame Tongue                   Conjuration/Fire             1
   b - Throw Flame                    Conjuration/Fire             2
   c - Conjure Flame                  Conjuration/Fire             3
   d - Inner Flame                    Hexes/Fire                   3
   e - Sticky Flame                   Conjuration/Fire             4
   f - Fireball                       Conjuration/Fire             5
Comestibles
 c - a bread ration


   Skills:
 + Level 3.6(3.2) Fighting
 + Level 3.6(3.3) Armour
 + Level 5.8(5.4) Dodging
 - Level 2.4(2.0) Stealth
 * Level 9.1(8.7) Spellcasting
 + Level 5.1(4.7) Conjurations
 + Level 6.2(5.8) Fire Magic


You had 4 spell levels left.
You knew the following spells:

 Your Spells              Type           Power        Failure   Level  Hunger
a - Flame Tongue          Conj/Fire      ####.        1%          1    None
b - Throw Flame           Conj/Fire      ####..       1%          2    None
c - Conjure Flame         Conj/Fire      ####....     3%          3    None
d - Inner Flame           Hex/Fire       ###.....     8%          3    None
e - Sticky Flame          Conj/Fire      ####....     10%         4    ###....
f - Fireball              Conj/Fire      ####......   26%         5    #####..


Dungeon Overview and Level Annotations

Branches:
Dungeon (1/1)

Altars:

Shops:
D :!([[[=[=}%(:?=!

Annotations:
D exclusion: oklob plant


Innate Abilities, Weirdness & Mutations

You are dopey. (Int -2)


Message History

The hell rat closely misses you.
There is an entrance to Diment Zoigi's Book Boutique here.
The kobold demonologist shouts!
You hit the hell rat but do no damage. The flying skull hits you!
The hell rat closely misses you. The flying skull completely misses you.
The flying skull gives a hideous shriek!
You hit the hell rat.
The hell rat is lightly wounded.
The flying skull hits you! The hell rat misses you.
You closely miss the hell rat.
The hell rat is lightly wounded.
The hell rat bites you!
* * * LOW HITPOINT WARNING * * *
You feel drained.
* * * LOW HITPOINT WARNING * * *
The flying skull barely misses you. x2
You hit the hell rat but do no damage.
The hell rat is lightly wounded.
The hell rat bites you!
You die...

###########≈≈≈..§......#
##....∩.∩.#≈≈≈≈.##+##..#
##...∩.∩..#≈≈≈≈##.#.##
##..∩.∩...#K≈≈≈#.##..#
##.⌠.∩....#≈≈#####..##
##..∩.∩...#z##.# #+##
##...∩.∩..#≈#..###.##
##....zzz.'≈'.##'.<.+
##.....@r∩#≈#.#.##.##
#▓▓▓▓▓▓▓###≈##.###+#
##(hh######≈≈### #%GG#H
##≈≈≈ #∩PG+H '#≈# #$.. ?
?#≈≈# #$.$ ## ## ≈≈ ##+#


You could see 2 hell hogs, 3 shining eyes, an oklob plant, a kobold
demonologist, 4 flying skulls and a hell rat.

Vanquished Creatures
  Menkaure (D)
  A neqoxec (D)
  3 worms (D)
5 creatures vanquished.

Vanquished Creatures (others)
  A neqoxec (D)
  A crocodile (D)
2 creatures vanquished.

Grand Total: 7 creatures vanquished

Notes
Turn   | Place    | Note
-------+----------+-------------------------------------------
     0 | D        | Kidiri the Deep Elf Fire Elementalist began the quest for the Orb.
     0 | D        | Reached XP level 1. HP: 10/10 MP: 6/6
    49 | D        | Reached skill level 4 in Spellcasting
   101 | D        | Killed a crocodile
   132 | D        | Noticed a flying skull
   132 | D        | Noticed a flying skull
   132 | D        | Noticed a flying skull
   133 | D        | Noticed a flying skull
   133 | D        | Noticed a flying skull
   133 | D        | Noticed a flying skull
   133 | D        | Noticed a flying skull
   134 | D        | Noticed a flying skull
   134 | D        | Noticed a flying skull
   135 | D        | Noticed a flying skull
   135 | D        | Noticed a flying skull
   142 | D        | Reached skill level 1 in Fighting
   142 | D        | Reached skill level 1 in Armour
   142 | D        | Reached XP level 2. HP: 16/16 MP: 1/9
   146 | D        | Learned a level 2 spell: Throw Flame
   184 | D        | Noticed a flying skull
   211 | D        | Noticed Menkaure
   216 | D        | Killed Menkaure
   216 | D        | Reached skill level 7 in Spellcasting
   216 | D        | Reached skill level 5 in Fire Magic
   216 | D        | Reached XP level 3. HP: 13/22 MP: 4/14
   216 | D        | Reached XP level 4. HP: 17/27 MP: 4/15
   216 | D        | Reached XP level 5. HP: 19/31 MP: 4/17
   221 | D        | Learned a level 3 spell: Conjure Flame
   228 | D        | Learned a level 3 spell: Inner Flame
   233 | D        | Learned a level 4 spell: Sticky Flame
   239 | D        | Learned a level 5 spell: Fireball
   329 | D        | Noticed a neqoxec
   341 | D        | Gained mutation: You are dopey. (Int -2) [a neqoxec]
   353 | D        | Killed a neqoxec
   353 | D        | Reached skill level 5 in Dodging
   353 | D        | Reached skill level 9 in Spellcasting
   353 | D        | Reached skill level 5 in Conjurations
   470 | D        | Killed a neqoxec
   583 | D        | Found Jyph's Food Shop.
   584 | D        | Found Pevoezxa's Jewellery Boutique.
   584 | D        | Found Icsoetso's Gadget Shop.
   584 | D        | Found Efuadeiq's Antique Weapon Shop.
   584 | D        | Found Ucho's Jewellery Boutique.
   584 | D        | Found Pagru's Antique Armour Shop.
   584 | D        | Found Bozxaolu's Magic Scroll Shop.
   584 | D        | Found Suwk's Jewellery Boutique.
   594 | D        | Found Yteteynu's Distillery.
   594 | D        | Found Diment Zoigi's Book Boutique.
   595 | D        | Found Jauj's Antique Armour Boutique.
   595 | D        | Found Loabafom's Armour Shop.
   595 | D        | Found Zepaipt's Antique Armour Boutique.
   596 | D        | Found Tisk's Weapon Shop.
   596 | D        | Found Zuipp's Distillery.
   596 | D        | Noticed a hell hog
   597 | D        | Noticed a hell hog
   597 | D        | Noticed an oklob plant
   598 | D        | Noticed a shining eye
   598 | D        | Found Aleebo's Book Shoppe.
   599 | D        | Noticed a shining eye
   600 | D        | Noticed a shining eye
   602 | D        | Noticed a hippogriff
   602 | D        | Noticed a hippogriff
   604 | D        | Noticed a kobold demonologist
   609 | D        | Slain by a hell rat

Vault maps used:
D:        the_violet_keep_of_menkaure

Skill      XL: |  1  2  3  4  5 |
---------------+----------------+-----
Spellcasting   | 4 7 9 |  9.1
Fighting       | 1 2 3 |  3.6
Armour         | 1 2 3 |  3.6
Conjurations   | 2 4 5 |  5.1
Dodging        | 4 5 |  5.8
Fire Magic     | 5 6 |  6.2
Stealth        | |  2.4

Action                   |  1- 3 |  4- 6 || total
-------------------------+-------+-------++-------
Melee: Unarmed           |       |     5 ||     5
 Cast: Flame Tongue      |    21 |    17 ||    38
       Conjure Flame     |       |     1 ||     1
       Inner Flame       |       |     1 ||     1
  Use: Potion            |     2 |     1 ||     3
Armor: Robe              |       |     5 ||     5
Dodge: Dodged            |     8 |    28 ||    36
